BSA
VISTA PANTHERS @ ST CHARLES SHEENS
08/22/2029
 
TOP OF THE 1ST
Vista Panthers batting - Pitching for St Charles Sheens : RHP Tom Wallace
Pitching: RHP Tom Wallace
Batting: LHB Francisco Marino 0-0: Called Strike
0-1: Ball
1-1: Ground out 4-3 (Groundball, 4)
Batting: RHB Phil Matthews 0-0: Called Strike
0-1: Called Strike
0-2: Ball
1-2: Ball
2-2: Ball
3-2: DOUBLE (Groundball, 5L)
Batting: LHB Dante Owens 0-0: Ball
1-0: Foul Ball, location: 2F
1-1: Swinging Strike
1-2: Ground out 4-3 (Groundball, 4D)
Phil Matthews to third
Batting: SHB Juan Castro 0-0: Foul Ball, location: 2F
0-1: Foul Ball, location: 2F
0-2: Fly out, F7 (Flyball, 7S)
Top of the 1st over - 0 runs, 1 hit, 0 errors, 1 left on base; Vista 0 - St Charles 0
BOTTOM OF THE 1ST
St Charles Sheens batting - Pitching for Vista Panthers : RHP Randy Mailman
Pitching: RHP Randy Mailman
Batting: RHB Max Rash 0-0: Foul Ball, location: 2F
0-1: SINGLE (Flyball, 9S)
Batting: RHB Jesús Hernández 0-0: Ball
1-0: Foul Ball, location: 2F
1-1: Fly out, F8 (Line Drive, 8RS)
Lined into DP, 8-3 (Line Drive, 8RS)
Batting: RHB Miguel Encarnación 0-0: Foul Ball, location: 2F
0-1: Ball
1-1: Foul Ball, location: 2F
1-2: Strikes out looking
Bottom of the 1st over - 0 runs, 1 hit, 0 errors, 0 left on base; Vista 0 - St Charles 0
TOP OF THE 2ND
Vista Panthers batting - Pitching for St Charles Sheens : RHP Tom Wallace
Batting: LHB Noriaki Sangi 0-0: Ball
1-0: Ball
2-0: Foul Ball, location: 2F
2-1: Foul Ball, location: 2F
2-2: SINGLE (Line Drive, 6M)
Batting: RHB Johnny Williams 0-0: Ball
1-0: Ball
2-0: Ball
3-0: Called Strike
3-1: Foul Ball, location: 2F
3-2: Base on Balls
Noriaki Sangi to second
Batting: RHB Luis Ríos 0-0: Ball
1-0: Ball
2-0: Ball
3-0: Base on Balls
Noriaki Sangi to third
Johnny Williams to second
Batting: RHB Griswold Coleman 0-0: Foul Ball, location: 2F
0-1: Foul Ball, location: 2F
0-2: Foul Ball, location: 2F
0-2: Ball
1-2: Ball
2-2: Fly out, F8 (Line Drive, 8LM)
Batting: LHB Ramiro Martínez 0-0: Swinging Strike
0-1: Swinging Strike
0-2: Foul Ball, location: 2F
0-2: Ball
1-2: Fly out, F7 (Flyball, 7S)
Batting: LHB Francisco Marino 0-0: Foul Ball, location: 2F
0-1: Foul Ball, location: 2F
0-2: Foul Ball, location: 2F
0-2: SINGLE (Flyball, 8RS)
Noriaki Sangi scores
Johnny Williams to third
Luis Ríos to second
Runner from 3rd tries for Home, SAFE, no throw
Batting: RHB Phil Matthews 0-0: Foul Ball, location: 2F
0-1: Foul Ball, location: 2F
0-2: Ball
1-2: 3-RUN HOME RUN (Line Drive, 78XD), Distance : 433 ft
Batting: LHB Dante Owens 0-0: Ball
1-0: Called Strike
1-1: Foul Ball, location: 2F
1-2: Ball
2-2: Ball
3-2: Foul Ball, location: 2F
3-2: DOUBLE (Line Drive, 7D)
Batting: SHB Juan Castro 0-0: Ball
1-0: Called Strike
1-1: Ball
2-1: Ball
3-1: Fly out, F8 (Flyball, 8LXD)
Top of the 2nd over - 5 runs, 4 hits, 0 errors, 1 left on base; Vista 5 - St Charles 0
BOTTOM OF THE 2ND
St Charles Sheens batting - Pitching for Vista Panthers : RHP Randy Mailman
Batting: LHB Juan Jose Rojas 0-0: Called Strike
0-1: Called Strike
0-2: Ball
1-2: Ball
2-2: DOUBLE (Line Drive, 78XD)
Batting: LHB Larry Howard 0-0: Called Strike
0-1: DOUBLE (Flyball, 8LXD)
Juan Jose Rojas scores
Batting: SHB Henry Copeland 0-0: Foul Ball, location: 2F
0-1: Ball
1-1: Fly out, F3 (Popup, 34S)
Batting: RHB Víctor Arredondo 0-0: Called Strike
0-1: Ground out 5-3 (Groundball, 56S)
Larry Howard to third
Batting: RHB Alfredo Hernández 0-0: Called Strike
0-1: Ball
1-1: Called Strike
1-2: Strikes out looking
Bottom of the 2nd over - 1 run, 2 hits, 0 errors, 1 left on base; Vista 5 - St Charles 1
TOP OF THE 3RD
Vista Panthers batting - Pitching for St Charles Sheens : RHP Tom Wallace
Batting: LHB Noriaki Sangi 0-0: Ball
1-0: Swinging Strike
1-1: Ball
2-1: Fly out, F8 (Flyball, 8LS)
Batting: RHB Johnny Williams 0-0: Ball
1-0: Ball
2-0: Ground out 4-3 (Groundball, 4M)
Batting: RHB Luis Ríos 0-0: Called Strike
0-1: Ball
1-1: Ground out 5-3 (Groundball, 56S)
Top of the 3rd over - 0 runs, 0 hits, 0 errors, 0 left on base; Vista 5 - St Charles 1
BOTTOM OF THE 3RD
St Charles Sheens batting - Pitching for Vista Panthers : RHP Randy Mailman
Batting: RHB Rob Brady 0-0: Called Strike
0-1: Swinging Strike
0-2: Strikes out looking
Batting: RHB Max Rash 0-0: Called Strike
0-1: Fly out, F8 (Line Drive, 8RM)
Batting: RHB Jesús Hernández 0-0: Ball
1-0: Ball
2-0: Foul Ball, location: 2F
2-1: Foul Ball, location: 2F
2-2: Ball
3-2: Ground out 5-3 (Groundball, 5S)
Bottom of the 3rd over - 0 runs, 0 hits, 0 errors, 0 left on base; Vista 5 - St Charles 1
TOP OF THE 4TH
Vista Panthers batting - Pitching for St Charles Sheens : RHP Tom Wallace
Batting: RHB Griswold Coleman 0-0: Called Strike
0-1: Ball
1-1: Ball
2-1: Ball
3-1: Base on Balls
Batting: LHB Ramiro Martínez 0-0: SINGLE (Groundball, 6MD)
Griswold Coleman to second
Pitching: LHP Luis Valentín
Batting: LHB Francisco Marino 0-0: Ball
1-0: Ball
2-0: Ball
3-0: Base on Balls
Griswold Coleman to third
Ramiro Martínez to second
Batting: RHB Phil Matthews 0-0: Foul Ball, location: 2F
0-1: Called Strike
0-2: Fly out, F8 (Flyball, 8RD)
Runner from 3rd tags up, SCORES, throw made
Batting: LHB Dante Owens 0-0: Called Strike
0-1: Ball
1-1: Fielders Choice at 2nd, 4-6 (Groundball, 4)
Ramiro Martínez to third
Batting: SHB Juan Castro 0-0: Ball
1-0: 3-RUN HOME RUN (Line Drive, 7D), Distance : 404 ft
Batting: LHB Noriaki Sangi 0-0: Ball
1-0: Foul Ball, location: 2F
1-1: Foul Ball, location: 2F
1-2: Foul Ball, location: 2F
1-2: Ball
2-2: Foul Ball, location: 2F
2-2: Ground out 4-3 (Groundball, 34)
Top of the 4th over - 4 runs, 2 hits, 0 errors, 0 left on base; Vista 9 - St Charles 1
BOTTOM OF THE 4TH
St Charles Sheens batting - Pitching for Vista Panthers : RHP Randy Mailman
Batting: RHB Miguel Encarnación 0-0: Ball
1-0: Ball
2-0: Foul Ball, location: 2F
2-1: Foul Ball, location: 2F
2-2: Strikes out swinging
Batting: LHB Juan Jose Rojas 0-0: Ball
1-0: Called Strike
1-1: Foul Ball, location: 2F
1-2: Ground out 3-1 (Groundball, 34S)
Batting: LHB Larry Howard 0-0: Called Strike
0-1: Called Strike
0-2: Ball
1-2: SINGLE (Groundball, 34D)
Batting: SHB Henry Copeland 0-0: Ground out 4-3 (Groundball, 4S)
Bottom of the 4th over - 0 runs, 1 hit, 0 errors, 1 left on base; Vista 9 - St Charles 1
TOP OF THE 5TH
Vista Panthers batting - Pitching for St Charles Sheens : LHP Luis Valentín
Batting: RHB Johnny Williams 0-0: Called Strike
0-1: Foul Ball, location: 2F
0-2: Foul Ball, location: 2F
0-2: Foul Ball, location: 2F
0-2: Fly out, F3 (Popup, 3F)
Batting: RHB Luis Ríos 0-0: Called Strike
0-1: Ball
1-1: Foul Ball, location: 2F
1-2: SINGLE (Line Drive, 7LS)
Batting: RHB Griswold Coleman 0-0: Ball
1-0: Ball
2-0: Called Strike
2-1: Ball
3-1: Swinging Strike
3-2: Fly out, F8 (Flyball, 8LS)
Batting: LHB Ramiro Martínez 0-0: Ball
1-0: Called Strike
1-1: Ball
2-1: Foul Ball, location: 2F
2-2: Ball
3-2: Foul Ball, location: 2F
3-2: Foul Ball, location: 2F
3-2: Base on Balls
Luis Ríos to second
Batting: LHB Francisco Marino 0-0: Fly out, F5 (Popup, 56)
Top of the 5th over - 0 runs, 1 hit, 0 errors, 2 left on base; Vista 9 - St Charles 1
BOTTOM OF THE 5TH
St Charles Sheens batting - Pitching for Vista Panthers : RHP Randy Mailman
Batting: RHB Víctor Arredondo 0-0: Called Strike
0-1: Ball
1-1: Ball
2-1: Foul Ball, location: 2F
2-2: Foul Ball, location: 2F
2-2: Ball
3-2: Ground out 6-3 (Groundball, 6M)
Batting: RHB Alfredo Hernández 0-0: Ground out 1-3 (Groundball, 15)
Batting: RHB Rob Brady 0-0: Ball
1-0: Called Strike
1-1: Swinging Strike
1-2: SINGLE (Line Drive, 34D)
Batting: RHB Max Rash 0-0: Called Strike
0-1: Ground out U3 (Groundball, 3)
Bottom of the 5th over - 0 runs, 1 hit, 0 errors, 1 left on base; Vista 9 - St Charles 1
TOP OF THE 6TH
Vista Panthers batting - Pitching for St Charles Sheens : LHP Luis Valentín
Batting: RHB Phil Matthews 0-0: SOLO HOME RUN (Flyball, 7D), Distance : 391 ft
Batting: LHB Dante Owens 0-0: Ball
1-0: Called Strike
1-1: Ground out 6-3 (Groundball, 6)
Batting: SHB Juan Castro 0-0: Called Strike
0-1: Swinging Strike
0-2: Foul Ball, location: 2F
0-2: Ball
1-2: Ball
2-2: Fly out, F9 (Line Drive, 89D)
Batting: LHB Noriaki Sangi 0-0: Ball
1-0: SINGLE (Line Drive, 4M)
Batting: RHB Johnny Williams 0-0: Ball
1-0: Ball
2-0: Ball
3-0: Called Strike
3-1: SINGLE (Flyball, 9LS)
Noriaki Sangi to second
Runner from 2nd tries for 3rd, SAFE, no throw
Batting: RHB Luis Ríos 0-0: Fielders Choice at 2nd, 6-4 (Groundball, 6)
Top of the 6th over - 1 run, 3 hits, 0 errors, 2 left on base; Vista 10 - St Charles 1
BOTTOM OF THE 6TH
St Charles Sheens batting - Pitching for Vista Panthers : RHP Randy Mailman
Batting: RHB Jesús Hernández 0-0: Swinging Strike
0-1: Ball
1-1: SINGLE (Groundball, 6D)
Batting: RHB Miguel Encarnación 0-0: Ball
1-0: Called Strike
1-1: Ball
2-1: Foul Ball, location: 2F
2-2: Ball
3-2: Foul Ball, location: 2F
3-2: Strikes out swinging
Batting: LHB Juan Jose Rojas 0-0: Ball
1-0: Ball
2-0: Ball
3-0: Called Strike
3-1: Base on Balls
Jesús Hernández to second
Batting: LHB Larry Howard 0-0: Called Strike
0-1: Ball
1-1: Ball
2-1: Swinging Strike
2-2: Strikes out looking
Batting: SHB Henry Copeland 0-0: Called Strike
0-1: Foul Ball, location: 2F
0-2: Ball
1-2: Ball
2-2: Ball
3-2: Fly out, F9 (Flyball, 9D)
Bottom of the 6th over - 0 runs, 1 hit, 0 errors, 2 left on base; Vista 10 - St Charles 1
TOP OF THE 7TH
Vista Panthers batting - Pitching for St Charles Sheens : LHP Luis Valentín
Batting: RHB Griswold Coleman 0-0: Called Strike
0-1: Ground out 4-3 (Groundball, 4M)
Batting: LHB Ramiro Martínez 0-0: Called Strike
0-1: Ball
1-1: Called Strike
1-2: Strikes out swinging
Batting: LHB Francisco Marino 0-0: Ball
1-0: Fly out, F7 (Flyball, 7LM)
Top of the 7th over - 0 runs, 0 hits, 0 errors, 0 left on base; Vista 10 - St Charles 1
BOTTOM OF THE 7TH
St Charles Sheens batting - Pitching for Vista Panthers : RHP Randy Mailman
Batting: RHB Víctor Arredondo 0-0: Ball
1-0: Ball
2-0: Called Strike
2-1: Foul Ball, location: 2F
2-2: Ground out 5-3 (Groundball, 56S)
Batting: RHB Alfredo Hernández 0-0: Swinging Strike
0-1: Ball
1-1: Called Strike
1-2: Foul Ball, location: 2F
1-2: Strikes out swinging
Batting: RHB Rob Brady 0-0: Ball
1-0: Called Strike
1-1: Foul Ball, location: 2F
1-2: Ball
2-2: Ground out 1-3 (Groundball, 15)
Bottom of the 7th over - 0 runs, 0 hits, 0 errors, 0 left on base; Vista 10 - St Charles 1
TOP OF THE 8TH
Vista Panthers batting - Pitching for St Charles Sheens : LHP Luis Valentín
Pitching: RHP Jesse Jones
Batting: RHB Phil Matthews 0-0: Called Strike
0-1: Foul Ball, location: 2F
0-2: Ball
1-2: Ball
2-2: Fly out, F9 (Flyball, 9S)
Batting: LHB Dante Owens 0-0: Called Strike
0-1: Ball
1-1: Foul Ball, location: 2F
1-2: Ball
2-2: Foul Ball, location: 2F
2-2: Foul Ball, location: 2F
2-2: Ball
3-2: Ground out 6-3 (Groundball, 6S)
Batting: SHB Juan Castro 0-0: Ground out U3 (Groundball, 3)
Top of the 8th over - 0 runs, 0 hits, 0 errors, 0 left on base; Vista 10 - St Charles 1
BOTTOM OF THE 8TH
St Charles Sheens batting - Pitching for Vista Panthers : RHP Randy Mailman
Pitching: RHP Jesse Green
Batting: RHB Max Rash 0-0: Foul Ball, location: 2F
0-1: Ball
1-1: Ground out 4-3 (Groundball, 4)
Batting: RHB Jesús Hernández 0-0: Foul Ball, location: 2F
0-1: Ball
1-1: SINGLE (Groundball, 34D)
Batting: RHB Miguel Encarnación 0-0: Swinging Strike
0-1: Swinging Strike
0-2: Strikes out swinging
Batting: LHB Juan Jose Rojas 0-0: SINGLE (Line Drive, 3)
Jesús Hernández to second
Batting: LHB Larry Howard 0-0: Ball
1-0: Called Strike
1-1: Swinging Strike
1-2: Foul Ball, location: 2F
1-2: Ball
2-2: Ground out 4-3 (Groundball, 4M)
Bottom of the 8th over - 0 runs, 2 hits, 0 errors, 2 left on base; Vista 10 - St Charles 1
TOP OF THE 9TH
Vista Panthers batting - Pitching for St Charles Sheens : RHP Jesse Jones
Pitching: RHP António Ojeda
Batting: LHB Noriaki Sangi 0-0: Foul Ball, location: 2F
0-1: Called Strike
0-2: Ground out 4-3 (Groundball, 4)
Batting: RHB Johnny Williams 0-0: Called Strike
0-1: Fly out, F9 (Flyball, 9S)
Batting: RHB Luis Ríos 0-0: Ball
1-0: SINGLE (Groundball, 6) (infield hit)
Batting: RHB Griswold Coleman 0-0: Ball
1-0: Foul Ball, location: 2F
1-1: Called Strike
1-2: Ball
2-2: Ball
3-2: Strikes out swinging
Top of the 9th over - 0 runs, 1 hit, 0 errors, 1 left on base; Vista 10 - St Charles 1
BOTTOM OF THE 9TH
St Charles Sheens batting - Pitching for Vista Panthers : RHP Jesse Green
Batting: SHB Henry Copeland 0-0: Ball
1-0: Called Strike
1-1: Ball
2-1: Foul Ball, location: 2F
2-2: Foul Ball, location: 2F
2-2: Strikes out looking
Batting: RHB Víctor Arredondo 0-0: Called Strike
0-1: Ground out 5-3 (Groundball, 2L)
Batting: RHB Alfredo Hernández 0-0: Ground out 4-3 (Groundball, 4)
Bottom of the 9th over - 0 runs, 0 hits, 0 errors, 0 left on base; Vista 10 - St Charles 1
Saturday, December 16th, 2017 - OOTP Baseball 18.8 Build 76